Map: Ruins of Seras

Players

LiquidBunny (Bunny)

  • Race: Terran Terran
  • League: Grandmaster

MinChul (MC) - Winner!

  • Race: Protoss Protoss

Event: Homestory Cup XII

VOD

Have the link to the VOD?

Description

Time

  • Played on: Dec. 18, 2015, 7:38 a.m.
  • Length: 9:23

All games in this series

Show
View Real Time Build Order
Export as new Build Order

LiquidBunny Terran 

Build Orders: Cyclone Opening, Reaper Expand, MMM Bio 

Get SALT Encoding   

  12  0:00  SCV  
  13  0:13  SCV  
  14  0:18  Supply Depot  
  14  0:25  SCV  
  15  0:39  SCV  
  15  0:41  Barracks  
  16  0:44  Refinery  
  16  0:51  SCV  
  17  1:03  SCV  
  18  1:15  SCV  
  19  1:28  Reaper, Orbital Command  
  20  1:44  Command Center  
  20  1:52  Refinery  
  20  1:53  SCV  
  21  2:04  Factory  
  21  2:06  SCV  
  22  2:12  Supply Depot  
  22  2:15  Barracks Tech Lab  
  22  2:18  SCV  
  23  2:34  SCV  
  24  2:42  Barracks Reactor  
  24  2:46  SCV  
  25  2:53  Cyclone  
  25  2:56  Orbital Command  
  25  2:58  SCV  
  29  3:10  SCV  
  28  3:22  SCV  
  28  3:24  SCV  
  28  3:25  Cyclone  
  31  3:34  SCV  
  31  3:36  SCV  
  31  3:46  SCV  
  31  3:48  SCV  
  30  3:58  SCV  
  30  4:00  SCV  
  30  4:02  Cyclone  
  33  4:09  Command Center  
  33  4:10  SCV  
  33  4:12  SCV, Marine  
  36  4:21  Engineering Bay  
  36  4:23  SCV  
  37  4:24  SCV, Marine  
  39  4:32  Marine  
  39  4:34  Siege Tank  
  39  4:35  SCV  
  39  4:37  SCV  
  46  4:45  Supply Depot  
  46  4:47  SCV  
  46  4:48  Missile Turret  
  46  4:50  Missile Turret  
  46  5:03  SCV x2  
  40  5:15  SCV x2  
  40  5:17  Siege Tank  
  44  5:22  Marine x2  
  44  5:27  SCV x2, Orbital Command  
  48  5:33  Bunker  
  48  5:39  SCV  
  49  5:45  Marine x2  
  49  5:46  Barracks  
  49  5:47  Missile Turret  
  51  5:52  SCV x2  
  51  5:54  Barracks  
  53  6:02  Marine  
  53  6:03  Refinery, Marine  
  55  6:04  SCV x2  
  55  6:08  Refinery  
  57  6:14  Siege Tank  
  57  6:16  SCV x2  
  57  6:17  Supply Depot  
  62  6:18  SCV  
  62  6:25  Terran Infantry Weapons Level 1, Engineering Bay  
  63  6:29  SCV x2  
  63  6:30  SCV  
  66  6:32  Starport  
  66  6:38  Barracks Tech Lab, Marine  
  66  6:39  Marine  
  68  6:41  SCV x2, Supply Depot  
  68  6:43  SCV  
  68  6:47  Supply Depot  
  72  6:48  Barracks Tech Lab  
  72  6:52  Terran Infantry Armor Level 1  
  72  6:56  Stimpack  
  72  6:57  Orbital Command  
  72  6:58  Barracks  
  72  6:59  SCV, Factory Reactor  
  72  7:03  SCV, Marine x2  
  75  7:11  SCV  
  75  7:15  SCV  
  75  7:18  Armory, Marauder x2  
  75  7:19  Combat Shields  
  75  7:22  SCV  
  80  7:23  SCV  
  80  7:27  SCV, Marine  
  83  7:34  SCV  
  83  7:35  SCV  
  85  7:39  SCV, Marauder  
  85  7:43  Medivac  
  85  7:47  SCV x2  
  85  7:49  Missile Turret, Marauder  
  85  7:50  Marine  
  88  7:51  SCV  
  88  7:55  Marine  
  88  7:57  Factory Reactor  
  90  7:59  SCV x2, Medivac  
  90  8:00  Marine  
  93  8:09  Supply Depot  
  93  8:10  Marine  
  93  8:11  SCV, Marauder  
  99  8:13  Marine, Marauder  
  99  8:14  SCV  
  101  8:25  Supply Depot  
  101  8:26  Supply Depot, Refinery  
  101  8:30  SCV, Marine  
  101  8:32  Marine  
  101  8:33  Marine  
  101  8:34  Supply Depot, Marauder  
  106  8:42  Factory Reactor, Medivac  
  106  8:44  Starport  
  106  8:46  Medivac  
  106  8:47  Marauder  
  106  8:48  Marine  
  113  8:49  Supply Depot  
  113  8:54  SCV  
  106  8:57  SCV, Marine x2  
  106  8:58  Marauder  
  106  9:02  SCV  
  98  9:06  SCV  
Show
View Real Time Build Order
Export as new Build Order

MinChul Protoss - Winner!

Build Orders: 1 Gate Expand, Oracle Opening 

Get SALT Encoding   

  12  0:00  Probe (Chrono Boost)  
  13  0:11  Probe (Chrono Boost)  
  14  0:17  Pylon  
  14  0:22  Probe (Chrono Boost)  
  15  0:36  Probe (Chrono Boost)  
  15  0:37  Gateway  
  16  0:46  Probe (Chrono Boost)  
  16  0:48  Assimilator  
  18  0:57  Probe (Chrono Boost)  
  18  1:07  Probe (Chrono Boost)  
  19  1:22  Nexus  
  19  1:32  Cybernetics Core  
  19  1:35  Probe (Chrono Boost)  
  20  1:42  Assimilator  
  20  1:46  Probe (Chrono Boost)  
  21  1:53  Pylon  
  21  1:57  Probe (Chrono Boost)  
  22  2:12  Pylon, Warp Gate  
  22  2:15  Mothership Core (Chrono Boost)  
  24  2:20  Adept (Chrono Boost)  
  26  2:33  Probe (Chrono Boost)  
  26  2:34  Probe  
  28  2:46  Adept (Chrono Boost)  
  28  2:50  Stargate  
  28  2:51  Probe x2  
  31  3:05  Probe  
  31  3:06  Probe  
  31  3:10  Adept (Chrono Boost)  
  35  3:15  Probe  
  35  3:18  Probe  
  37  3:26  Probe  
  37  3:30  Probe  
  37  3:33  Adept (Chrono Boost)  
  39  3:36  Probe  
  39  3:39  Oracle (Chrono Boost)  
  41  3:43  Probe  
  41  3:47  Probe  
  42  3:55  Probe  
  44  3:58  Probe  
  45  4:07  Probe  
  45  4:08  Probe  
  44  4:11  Oracle (Chrono Boost)  
  44  4:14  Adept  
  44  4:15  Pylon  
  50  4:19  Probe x2, Assimilator  
  50  4:20  Assimilator  
  52  4:29  Probe  
  54  4:31  Probe  
  54  4:33  Robotics Facility  
  54  4:40  Probe  
  54  4:43  Probe, Pylon  
  54  4:45  Oracle (Chrono Boost)  
  59  4:50  Probe  
  60  4:55  Probe  
  61  5:01  Probe  
  56  5:07  Probe  
  56  5:12  Probe, Oracle (Chrono Boost)  
  55  5:14  Adept  
  55  5:16  Pylon  
  55  5:19  Probe  
  55  5:21  Observer (Chrono Boost)  
  62  5:24  Probe  
  62  5:28  Nexus  
  63  5:31  Probe, Pylon  
  63  5:35  Sentry  
  66  5:41  Gateway  
  66  5:42  Gateway  
  66  5:44  Observer (Chrono Boost)  
  68  5:50  Probe (Chrono Boost)  
  68  5:52  Probe (Chrono Boost)  
  68  5:53  Twilight Council  
  68  5:54  Gateway  
  69  5:58  Sentry  
  69  5:59  Warp Prism  
  69  6:04  Probe (Chrono Boost)  
  73  6:05  Probe (Chrono Boost)  
  75  6:12  Pylon  
  75  6:14  Probe (Chrono Boost)  
  75  6:16  Pylon  
  75  6:17  Probe (Chrono Boost), Pylon  
  77  6:22  Pylon  
  77  6:24  Sentry  
  79  6:29  Blink (Chrono Boost)  
  79  6:34  Probe x2  
  79  6:35  Immortal  
  80  6:43  Probe  
  80  6:46  Probe x2  
  87  6:50  Gateway  
  87  6:51  Gateway  
  87  6:55  Probe  
  87  6:58  Probe  
  87  6:59  Probe, Gateway  
  90  7:02  Gateway  
  90  7:15  Pylon x2  
  90  7:16  Pylon  
  90  7:18  Stalker x3  
  90  7:22  Stalker  
  98  7:24  Probe  
  98  7:25  Probe x2  
  98  7:27  Assimilator  
  101  7:30  Immortal, Assimilator  
  105  7:50  Stalker x4  
  113  7:54  Pylon  
  113  8:03  Stalker x4  
  113  8:04  Immortal  
  125  8:15  Adept x4  
  125  8:17  Pylon  
  130  8:20  Pylon  
  130  8:33  Adept x3  
  130  8:34  Adept  
  138  8:36  Adept x2  
  138  8:38  Adept  
  138  8:39  Adept  
  142  8:56  Adept x6  
  142  8:58  Adept  
  142  8:59  Adept  
Tags
 
Add a new tag
Caveats
  • Supply blocks, unpowered buildings, or Contaminate may cause inaccurate times.
  • Supply counts are checked every 10 seconds.